 Dungeon Crawl Stone Soup version 0.31.0-12-g77e489cdc1 (webtiles) character file.

Game seed: 16121333727725277905

16 ezpacito the Trooper (level 2, 24/24 HPs)
             Began as a Demonspawn Berserker on Feb 15, 2024.
             Was a Follower of Trog.
             Quit the game on level 1 of the Dungeon.
             The game lasted 00:00:29 (223 turns).

ezpacito the Trooper (Demonspawn Berserker)          Turns: 223, Time: 00:00:30

Health: 24/24      AC:  5    Str: 17    XL:     2   Next: 41%
Magic:  2/2        EV: 11    Int:  7    God:    Trog [*.....]
Gold:   43         SH:  0    Dex: 12    Spells: 1/1 levels left

rFire   . . .        a - +0 hand axe
rCold   . . .        (no shield)
rNeg    . . .        d - +0 ring mail
rPois   .            (no helmet)
rElec   .            (no cloak)
rCorr   .            (no gloves)
SInv    .            (no boots)
Will    .....        (no amulet)
Stlth   +            c - ring of flight
HPRegen 0.24/turn    (no ring)
MPRegen 0.08/turn

%: no passive effects
@: flying
A: demonic magic 1
a: Renounce Religion, Berserk


You were on level 1 of the Dungeon.
You worshipped Trog.
Trog was aware of your devotion.
You visited 1 branch of the dungeon, and saw 1 of its levels.

You collected 43 gold pieces.

Inventory:

Hand Weapons
 a - a +0 hand axe (weapon)
Missiles
 b - 3 stones (quivered)
Armour
 d - a +0 ring mail (worn)
Jewellery
 c - a ring of flight (left hand)
Scrolls
 f - 3 scrolls of identify {unknown}
 g - a scroll of teleportation {unknown}
Potions
 e - a potion of resistance {unknown}


   Skills:
 * Level 3.2 Fighting
 * Level 2.9 Axes
 * Level 1.9 Armour
 * Level 2.0 Dodging
 * Level 0.4 Stealth
 * Level 0.2 Unarmed Combat


You had one spell level left.
You didn't know any spells.
Your spell library was empty.

Dungeon Overview and Level Annotations

Branches:
Dungeon (1/15)

Altars:


Innate Abilities, Weirdness & Mutations

Spells you cast may paralyse adjacent enemies.


Message History

Trog accepts your kill.
You hit the jackal. The jackal barely misses you.
The jackal bites you but does no damage.
You closely miss the jackal. Your punch misses the jackal.
The jackal is severely wounded.
The jackal bites you but does no damage. x2
You closely miss the jackal.
The jackal is severely wounded.
The jackal closely misses you.
You closely miss the jackal.
The jackal is severely wounded.
The jackal barely misses you. The jackal closely misses you.
You hit the jackal.
The jackal is severely wounded.
The jackal closely misses you.
The jackal bites you but does no damage.
You barely miss the jackal.
The jackal is severely wounded.
The jackal bites you but does no damage.
You closely miss the jackal.
The jackal is severely wounded.
The jackal barely misses you.
The jackal bites you but does no damage.
You slash the jackal!
You kill the jackal!
Trog accepts your kill.
No target in view!
Unknown command.
You reach down and open the door.
There is an open door here.
As you open the door, it creaks loudly!
Found 12 gold pieces.
There is an open door here.
You now have 43 gold pieces (gained 12).
f - 3 scrolls labelled YMAUFO ZELUGE
There is an open door here.
There is an open door here.
g - a scroll labelled FIRAMU QAOSS No target in view!
Are you sure you want to abandon this character and quit the game? (Confirm with "yes".)

#..........#
#.##.......#
####.###......#
.##......#......#
#.!.......#......#
####......#......#
#......#......#
#......#......#
#....@$# #......#
#......# ########


There were no monsters in sight!

Vanquished Creatures
  2 endoplasms (D:1)
  A giant cockroach (D:1)
  A hobgoblin (D:1)
  6 jackals (D:1)
  A ball python (D:1)
  A bat (D:1)
  A frilled lizard (D:1)
  A rat (D:1)
14 creatures vanquished.

Notes
Turn   | Place    | Note
-------+----------+-------------------------------------------
     0 | D:1      | ezpacito the Demonspawn Berserker began the quest for the
                  | Orb.
     0 | D:1      | Reached XP level 1. HP: 18/18 MP: 1/1
   103 | D:1      | Gained mutation: Spells you cast may paralyse adjacent
                  | enemies. [demonic ancestry]
   103 | D:1      | Reached XP level 2. HP: 16/24 MP: 2/2
   223 | D:1      | Quit the game

Illustrated notes

Levels and vault maps discovered:
D:1:      dpeg_arrival_connections, layout_rooms

Skill      XL: |  1  2 |
---------------+-------+-----
Dodging        | 2 |  2.0
Fighting       | |  3.2
Axes           | |  2.9
Armour         | |  1.9
Stealth        | |  0.4
Unarmed Combat | |  0.2

Action                     || total
---------------------------++-------
  Melee: Hand axe          ||    44
 Armour: Ring mail         ||    50
  Dodge: Dodged            ||    47
